 Dungeon Crawl Stone Soup version 0.31.0-11-ge490571c62 (webtiles) character file.

Game seed: 1038488170368435801

692 qw the Nimble (level 7, -6/35 HPs)
             Began as a Spriggan Hunter on Feb 4, 2024.
             Mangled by a hornet (10 damage)
             ... on level 4 of the Dungeon.
             The game lasted 00:00:12 (3012 turns).

qw the Nimble (Spriggan Hunter)                     Turns: 3012, Time: 00:00:13

Health: -6/35      AC:  6    Str:  7    XL:     7   Next: 36%
Magic:  8/8        EV: 26    Int: 10    God:
Gold:   237        SH:  0    Dex: 27    Spells: 6/6 levels left

rFire   . . .        c - +0 orcbow
rCold   + . .        (shield currently unavailable)
rNeg    + . .        e - +2 robe {rC+}
rPois   .            (helmet restricted)
rElec   .            (no cloak)
rCorr   .            (gloves unavailable)
SInv    +            (boots unavailable)
Will    +....        l - amulet of faith
Stlth   +++          d - +6 ring of dexterity
HPRegen 0.25/turn    m - ring of positive energy
MPRegen 0.11/turn

%: faith
@: lethally poisoned (-6 -> -13), about to teleport, slowed, quick
A: very small, no large weapons, unfitting armour, see invisible, speed 3,
hooves 2, iridescent scales 1
a: no special abilities


You were on level 4 of the Dungeon.
You visited 1 branch of the dungeon, and saw 4 of its levels.
You also visited: Sewer.

You collected 237 gold pieces.


Innate Abilities, Weirdness & Mutations

You are very small and have problems with some larger weapons.
You are too small for most types of armour.
You have supernaturally acute eyesight. (SInv)
You cover ground extremely quickly. (Speed+++)
You have hoof-like feet.
You are partially covered in iridescent scales. (AC +2)


   Skills:
 - Level 2.6 Fighting
 + Level 6.3 Ranged Weapons
 - Level 8.2 Dodging
 - Level 1.5 Stealth


You had 6 spell levels left.
You didn't know any spells.
Your spell library was empty.

Inventory:

Hand Weapons
 c - a +0 orcbow (weapon)
Armour
 e - a +2 robe of cold resistance (worn)
Jewellery
 d - a +6 ring of dexterity (left hand)
 f - an amulet of the acrobat
 l - an amulet of faith (around neck)
 m - a ring of positive energy (right hand)
Wands
 a - a wand of quicksilver (3) (quivered)
 b - a wand of charming (8)
Potions
 h - a potion of curing
 j - a potion of heal wounds

Dungeon Overview and Level Annotations

Branches:
Dungeon (4/15)              Sewer (visited)
 Temple: D:4-7

Altars:
Qazlal
Xom
Zin

Shops:
D:2 [


Message History

You enter the shallow water.
Moving in this stuff is going to be slow.
There is an open door here.
Things that are here:
a rat skeleton; a ball python skeleton; a ball python skeleton You see here a scroll of fog.
An endoplasm comes into view.
Found a stone staircase leading up.
Enter note: You shoot an arrow.
The arrow hits the endoplasm!
You kill the endoplasm!
A hornet comes into view.
3008 ||| ZAPPING wand of quicksilver (5) at 0,-1 (hornet; floor).
Aiming: Quicksilver Bolt
Press: ? - help, Q - select action, (/) - cycle Shift-Dir - straight line, f - hornet The bolt of dispelling energy hits the hornet!!
The hornet is heavily wounded.
The hornet completely misses you. The hornet misses you.
3009 ||| ZAPPING wand of quicksilver (4) at 0,-1 (hornet; floor).
Aiming: Quicksilver Bolt
Press: ? - help, Q - select action, (/) - cycle Shift-Dir - straight line, f/p - hornet The bolt of dispelling energy hits the hornet!
The hornet is almost dead.
You hear a shout!
The hornet stings you.
You suddenly lose the ability to move!
A kobold comes into view. It is wielding a +0 short sword.
The hornet stings you!
You are poisoned.
You feel yourself slow down.
The hornet stings you but does no damage.
You feel very sick. The hornet stings you!
You feel as though you will be slow longer.
You can move again.
3012 ||| READING scroll of teleportation.
As you read the scroll of teleportation, it crumbles to dust.
You feel strangely unstable.
You feel very sick. The hornet stings you!
You die...

#.........# ....
#.........# ...##
##.######## #...# #.#
#.K.. #.# ## #...##
#.# ...##...< ##.#
.......y####..#####
.........@..........#
....................#
....................#
......###.........#
......# #.........#
###..[# #.........#
####.....#
#.........##
.....#...#
#..........#
#..###.###...._.....#


You could see a hornet and a kobold.

Vanquished Creatures
  Sigmund (D:3)
  A sky beast (D:3)
  2 bullfrogs (Sewer)
  Jessica (D:3)
  Ijyb (D:3)
  Natasha (D:2)
  4 gnolls (D:2)
  8 adders
  A river rat (D:4)
  9 dart slugs
  2 ribbon worms
  An orc (D:3)
  9 endoplasms
  14 giant cockroaches
  2 goblins
  6 hobgoblins
  A jackal (D:1)
  3 quokkas
  8 ball pythons
  5 bats
  10 frilled lizards
  6 kobolds
  5 rats
101 creatures vanquished.

Notes
Turn   | Place    | Note
-------+----------+-------------------------------------------
     0 | D:1      | qw the Spriggan Hunter began the quest for the Orb.
     0 | D:1      | Reached XP level 1. HP: 10/10 MP: 2/2
     0 | D:1      | 0 ||| qw: Version: 0.3-a-160-g6735b56
     0 | D:1      | 0 ||| qw: Game counter: 5000
     0 | D:1      | 0 ||| qw: Melee chars always use a shield: true
     0 | D:1      | 0 ||| qw: God list: Okawaru
     0 | D:1      | 0 ||| qw: Allow faded altars: false
     0 | D:1      | 0 ||| qw: Do Orc after clearing Dungeon:15 true
     0 | D:1      | 0 ||| qw: Do second Lair branch before Depths: true
     0 | D:1      | 0 ||| qw: Lair rune preference: random
     0 | D:1      | 0 ||| qw: Goals: Normal
     0 | D:1      | 0 ||| PLANNING D:1-11
    41 | D:1      | Reached skill level 3 in Dodging
   114 | D:1      | Reached XP level 2. HP: 14/14 MP: 3/3
   179 | D:1      | Reached skill level 4 in Dodging
   489 | D:1      | 489 ||| UPGRADING to amulet of the acrobat.
   494 | D:1      | 494 ||| DROPPING ring of magical power.
   495 | D:1      | 495 ||| READING scroll labelled JOOHEL FUSMUU.
   596 | D:1      | 596 ||| DRINKING 2 sapphire potions.
   596 | D:1      | Gained mutation: You are frail. (-10% HP) [potion of
                  | mutation]
   597 | D:1      | 597 ||| DRINKING potion of mutation.
   597 | D:1      | Lost mutation: You are frail. (-10% HP) [potion of
                  | mutation]
   597 | D:1      | Gained mutation: You have large cloven feet. [potion of
                  | mutation]
   597 | D:1      | Gained mutation: You have hoof-like feet. [potion of
                  | mutation]
   597 | D:1      | Gained mutation: You are partially covered in iridescent
                  | scales. (AC +2) [potion of mutation]
   604 | D:1      | 604 ||| DROPPING scroll of butterflies.
   626 | D:2      | Reached XP level 3. HP: 18/18 MP: 4/4
   724 | D:2      | HP: 4/18 [gnoll/+0 club (6)]
   726 | D:2      | Reached XP level 4. HP: 5/22 MP: 5/5
   890 | D:2      | Found Sehohukk's Armour Boutique.
  1085 | D:2      | Noticed Natasha
  1091 | D:2      | Killed Natasha
  1092 | D:2      | Reached skill level 5 in Dodging
  1311 | D:2      | 1311 ||| UPGRADING to amulet of faith.
  1321 | D:2      | 1321 ||| UPGRADING to +6 ring of dexterity.
  1322 | D:2      | 1322 ||| UPGRADING to ring of positive energy.
  1323 | D:2      | 1323 ||| READING 2 scrolls labelled LAAKAL ILI CEN.
  1326 | D:2      | 1326 ||| READING scroll labelled XUTWOCK MOYTH.
  1326 | D:2      | 1326 ||| ENCHANTING +0 shortbow.
  1327 | D:2      | 1327 ||| READING scroll labelled CUEWYO ROUTEGI.
  1346 | D:3      | Noticed Jessica
  1347 | D:3      | Killed Jessica
  1392 | D:3      | Reached XP level 5. HP: 25/25 MP: 6/6
  1393 | D:3      | Noticed Sigmund
  1395 | D:3      | 1395 ||| DRINKING bubbling orange potion.
  1396 | D:3      | 1396 ||| DRINKING inky potion.
  1397 | D:3      | 1397 ||| DRINKING red potion.
  1401 | D:3      | Killed Sigmund
  1402 | D:3      | Reached skill level 7 in Dodging
  1402 | D:3      | Reached XP level 6. HP: 30/30 MP: 7/7
  1442 | D:3      | Found a stormy altar of Qazlal.
  1442 | D:3      | Noticed a sky beast
  1455 | D:3      | Killed a sky beast
  1691 | D:3      | Noticed Ijyb
  1704 | D:3      | HP: 8/32 [Ijyb/+2 spectral club (2)]
  1708 | D:3      | HP: 3/32 [+2 spectral club[Ijyb] (6)]
  1709 | D:3      | 1709 ||| READING 2 scrolls of teleportation.
  1978 | D:3      | HP: 8/32 [+2 spectral club[Ijyb] (5)]
  1979 | D:3      | 1979 ||| READING scroll of teleportation.
  2119 | D:3      | Killed Ijyb
  2366 | D:3      | 2366 ||| UPGRADING to +2 robe of cold resistance.
  2376 | D:3      | 2376 ||| DROPPING +0 robe.
  2377 | D:3      | 2377 ||| READING 3 scrolls labelled ILLIUC IPLOBUE.
  2377 | D:3      | 2377 ||| IDENTIFYING smoky brown potion
  2378 | D:3      | 2378 ||| DROPPING potion of degeneration.
  2394 | D:4      | 2394 ||| PLANNING SEWER
  2394 | D:4      | 2394 ||| STAIRDANCE
  2430 | D:4      | 2430 ||| SWAPPING to +0 orcbow.
  2431 | D:4      | 2431 ||| DROPPING +1 shortbow.
  2489 | D:4      | Found a glowing silver altar of Zin.
  2492 | D:4      | Noticed an angel
  2496 | D:4      | Found a shimmering altar of Xom.
  2535 | D:4      | Found a glowing drain.
  2548 | D:4      | 2548 ||| READING 2 scrolls of identify.
  2548 | D:4      | 2548 ||| IDENTIFYING scroll labelled GAERUEVASID
  2549 | D:4      | 2549 ||| DROPPING scroll of fog.
  2555 | Sewer    | Entered a sewer
  2582 | Sewer    | Reached XP level 7. HP: 35/35 MP: 8/8
  2605 | Sewer    | Reached skill level 6 in Ranged Weapons
  2746 | Sewer    | Reached skill level 8 in Dodging
  2965 | Sewer    | 2965 ||| READING scroll of identify.
  2965 | Sewer    | 2965 ||| IDENTIFYING purple potion
  2985 | D:4      | 2985 ||| PLANNING D:1-11
  3007 | D:4      | Noticed a hornet
  3008 | D:4      | 3008 ||| ZAPPING wand of quicksilver (5) at 0,-1 (hornet;
                  | floor).
  3009 | D:4      | 3009 ||| ZAPPING wand of quicksilver (4) at 0,-1 (hornet;
                  | floor).
  3009 | D:4      | Paralysed by a hornet for 3 turns
  3011 | D:4      | HP: 7/35 [hornet (10)]
  3012 | D:4      | 3012 ||| READING scroll of teleportation.
  3012 | D:4      | Mangled by a hornet

Levels and vault maps discovered:
D:1:      amcnicky_arrival_gap_in_the_tavern_cellar, layout_rooms, st_stairs_9
D:2:      layout_loops_ring, serial_shops, nicolae_shop_advertising_works
          [nicolae_subvault_shop_adworks], uniq_natasha
D:3:      layout_loops_ring, nicolae_qazlal_beasts_of_the_sky, uniq_sigmund,
          uniq_jessica, uniq_ijyb
D:4:      layout_basic, grunt_temple_overflow_order_and_chaos_1,
          nicolae_uskayaw_suspiria, portal_sewer_entry_c, grunt_ministairs_3,
          nicolae_hexahallways

Skill      XL: |  1  2  3  4  5  6  7 |
---------------+----------------------+-----
Dodging        | 3 4 5 7 8 |  8.2
Ranged Weapons | 5 6 |  6.3
Fighting       | 2 |  2.6
Stealth        | |  1.5

Action                     |  1- 3 |  4- 6 |  7- 9 || total
---------------------------+-------+-------+-------++-------
   Fire: Shortbow          |    74 |   117 |       ||   191
         Orcbow            |       |    29 |    40 ||    69
  Evoke: Wand              |       |       |     2 ||     2
    Use: Potion            |     2 |     3 |       ||     5
         Scroll            |     1 |     7 |     2 ||    10
 Armour: Robe              |     8 |    30 |     6 ||    44
  Dodge: Dodged            |    15 |    81 |    12 ||   108

Table legend:
 A = Non-vault XP
 B = Vault XP
 C = Vault XP percentage of total XP
 D = Non-vault monster count
 E = Vault monster count
 F = Vault count percentage of total count
                 A         B        C        D         E       F
            +---------+---------+-------+---------+---------+-------
      Total |     202 |     787 |  79.6 |      56 |      45 |  44.6
            +---------+---------+-------+---------+---------+-------
        D:1 |      28 |       4 |  12.5 |      17 |       3 |  15.0
        D:2 |      89 |      35 |  28.2 |      15 |       1 |   6.2
        D:3 |      59 |     426 |  87.8 |      18 |       4 |  18.2
        D:4 |      26 |      35 |  57.4 |       6 |       8 |  57.1
      Sewer |       0 |     287 | 100.0 |       0 |      29 | 100.0
            +---------+---------+-------+---------+---------+-------
